Map: Cerulean Fall LE

Players

Lambo - Winner!

  • Race: Zerg Zerg
  • League: Grandmaster
  • Spawn Location: 1:00

Denver

  • Race: Zerg Zerg
  • League: Grandmaster
  • Spawn Location: 7:00

VOD

Have the link to the VOD?

Description

Time

  • Played on: Dec. 2, 2018, 1:44 p.m.
  • Length: 5:56
Show
View Real Time Build Order
Export as new Build Order

Lambo Zerg - Winner!

Build Orders: Hatch First 

Get SALT Encoding   

  12  0:01  Drone  
  13  0:12  Overlord  
  13  0:17  Drone  
  14  0:31  Drone x2  
  16  0:49  Hatchery  
  15  0:52  Drone  
  15  0:55  Drone  
  17  0:59  Drone  
  18  1:10  Extractor  
  17  1:14  Spawning Pool  
  17  1:17  Drone  
  17  1:21  Drone  
  18  1:28  Drone  
  19  1:41  Drone  
  20  1:54  Drone  
  21  2:01  Queen x2  
  21  2:03  Drone, Overlord  
  26  2:11  Metabolic Boost  
  26  2:13  Drone x2  
  28  2:22  Drone  
  29  2:25  Drone  
  30  2:36  Hatchery  
  29  2:37  Drone  
  31  2:44  Drone x2  
  31  2:48  Overlord  
  32  2:55  Zergling x4  
  34  3:07  Zergling x4  
  34  3:11  Zergling x12  
  42  3:17  Roach Warren  
  41  3:23  Overlord  
  40  3:29  Zergling x2  
  40  3:30  Overlord  
  41  3:36  Overlord  
  40  4:01  Roach x9  
  55  4:10  Baneling Nest  
  55  4:11  Roach  
  56  4:20  Roach  
  56  4:21  Zergling x8  
  62  4:31  Roach, Zergling x6  
  62  4:37  Roach  
  63  4:46  Roach  
  63  4:49  Overlord  
  63  4:51  Zergling x8  
  69  4:54  Zergling x2  
  70  5:08  Baneling x2  
  70  5:10  Zergling x12  
  70  5:13  Zergling x2  
  77  5:17  Baneling  
  77  5:21  Zergling x6  
  78  5:25  Baneling  
  78  5:27  Zergling x2  
  81  5:31  Overlord  
  80  5:35  Zergling x6  
Show
View Real Time Build Order
Export as new Build Order

Denver Zerg 

Build Orders: Hatch First 

Get SALT Encoding   

  12  0:01  Drone  
  13  0:13  Overlord  
  13  0:17  Drone  
  14  0:31  Drone x2  
  16  0:50  Hatchery  
  16  0:52  Drone  
  16  0:56  Drone  
  17  0:59  Drone  
  18  1:10  Extractor  
  17  1:15  Spawning Pool  
  16  1:19  Drone  
  16  1:22  Drone  
  18  1:28  Drone  
  19  1:39  Drone  
  20  1:50  Drone  
  21  2:02  Queen x2, Drone x2  
  27  2:10  Metabolic Boost  
  27  2:11  Overlord  
  27  2:14  Zergling x2  
  28  2:31  Drone x2  
  28  2:36  Hatchery  
  29  2:40  Drone x2  
  31  2:44  Overlord  
  31  2:47  Drone  
  32  2:55  Queen  
  34  3:00  Baneling Nest  
  34  3:01  Drone  
  34  3:05  Drone x2  
  35  3:11  Drone  
  35  3:12  Drone  
  38  3:13  Drone  
  38  3:15  Drone  
  38  3:18  Drone  
  41  3:26  Zergling x4  
  42  3:28  Overlord  
  42  3:31  Zergling x2  
  42  3:32  Extractor  
  42  3:33  Zergling x2  
  43  3:38  Evolution Chamber  
  43  3:39  Zergling x2  
  43  3:48  Zergling x4  
  43  3:49  Zergling x10  
  43  3:52  Baneling  
  43  3:53  Zergling x4  
  52  3:59  Zergling x4  
  53  4:03  Lair  
  53  4:10  Overlord  
  53  4:17  Roach Warren  
  48  4:34  Drone x5  
  48  4:36  Overlord x2  
  48  4:37  Overlord  
  53  4:50  Overlord  
  53  4:59  Roach x4  
  61  5:03  Roach x2  
  64  5:08  Roach x2  
  68  5:14  Roach  
  68  5:20  Roach  
  72  5:24  Roach  
  76  5:30  Roach  
  78  5:36  Roach  
Tags
 
Add a new tag
Caveats
  • Supply blocks, unpowered buildings, or Contaminate may cause inaccurate times.
  • Supply counts are checked every 10 seconds.